 Dungeon Crawl Stone Soup version 0.23.0 (webtiles) character file.

Game seed: 14212848720541023326

35 KitRougard the Chiller (level 3, -1/26 HPs)
             Began as a Ghoul Ice Elementalist on Feb 14, 2019.
             Slain by a leopard gecko (4 damage)
             ... on level 1 of the Dungeon.
             The game lasted 00:24:10 (1853 turns).

KitRougard the Chiller (Ghoul Ice Elementalist)     Turns: 1853, Time: 00:24:11

Health: -1/26      AC:  3    Str: 11    XL:     3   Next: 35%
Magic:  0/5        EV: 17    Int: 11    God:
Gold:   23         SH:  0    Dex: 14    Spells: 3/6 levels left

rFire    . . .     SeeInvis .   n - +1 spear (curse)
rCold    + . .     Gourm    .   (no shield)
rNeg     + + +     Faith    .   m - +0 leather armour
rPois    ∞         Spirit   .   (no helmet)
rElec    .         Reflect  .   (no cloak)
rCorr    .         Harm     .   (no gloves)
MR       .....                  (no boots)
Stlth    +++.......             (no amulet)
HPRegen  0.00/turn              (no ring)
MPRegen  0.09/turn              (no ring)

@: agile, rotting, hasted, very quick
A: rotting body, claws 1, carnivore, cold resistance 1, negative energy
resistance 3, inhibited regeneration, torment resistance, unbreathing
a: no special abilities


You were on level 1 of the Dungeon.
You were not hungry.

You visited 1 branch of the dungeon, and saw 2 of its levels.

You collected 23 gold pieces.

Inventory:

Hand Weapons
 b - a +0 club
 d - a +0 short sword {Do you know how long I've had this thing?}
 e - a +0 club
 i - a +0 mace
 k - a +0 hunting sling
 n - a cursed +1 spear (weapon)
Missiles
 g - 45 stones (quivered)
 j - 29 bolts
Armour
 a - a +0 robe
 m - a +0 leather armour (worn)
Comestibles
 c - 3 rations
 h - 5 chunks of flesh


   Skills:
 + Level 0.2 Fighting
 + Level 0.1 Short Blades
 + Level 0.1 Polearms
 + Level 1.9 Dodging
 + Level 2.4 Stealth
 + Level 2.2 Spellcasting
 + Level 0.8 Conjurations
 + Level 3.9 Ice Magic


You had 3 spell levels left.
You knew the following spells:

 Your Spells              Type           Power        Failure   Level  Hunger
a - Freeze                Ice            #...         8%          1    ##.....
b - Throw Frost           Conj/Ice       #.....       22%         2    ###....

Your spell library contained the following spells:

 Spells                   Type           Power        Failure   Level  Hunger
 Ozocubu's Armour         Chrm/Ice       #.......     45%         3    ####...
 Throw Icicle             Conj/Ice       #.......     80%         4    #####..
 Summon Ice Beast         Ice/Summ       #.......     86%         4    #####..


Dungeon Overview and Level Annotations

Branches:
Dungeon (2/15)

Altars:


Innate Abilities, Weirdness & Mutations

Your body is rotting away.
You thrive on raw meat.
You are immune to poison.
You have sharp fingernails.
You are carnivorous and can eat meat at any time.
Your flesh is cold resistant. (rC+)
You are immune to negative energy. (rN+++)
You do not regenerate when monsters are visible.
You are immune to unholy pain and torment.
You can survive without breathing.


Message History

You hit the goblin.
The goblin is severely wounded.
The goblin hits you with a +0 club.
* * * LOW HITPOINT WARNING * * *
It was a potion of agility.
You feel agile all of a sudden. The goblin misses you.
You closely miss the goblin.
The goblin is severely wounded.
You puncture the goblin!
You kill the goblin!
Casting: Throw Frost (safe; 22% risk of failure)
Confirm with . or Enter, or press ? or * to list all spells.
Aiming: Throw Frost (safe; 22% risk of failure)
Press: ? - help, Shift-Dir - straight line, f - leopard gecko
Aim: a leopard gecko (lightly wounded, clinging)
The puff of frost hits the leopard gecko.
The leopard gecko is almost dead.
The leopard gecko bites you.
You die...

#.......# ########## ####.......#
#........# #..........#
##.######.# #.##.......###..####
#.# #.##...............# #.#
#.##.......#.....#.# #.#
###.###########...##.###.#
.......# ##.........#### ###.##.#
#@###........# # #.##.# #l#
########.# # #.##.# ##)## ##.## #
#.##.# ##...## ##...## # #.##.#
##.....## ##..÷..## ###.##.##
##.......## #.......#
........####.........####.....###
###........+.).......'...........
#.#...####)>.......####...#####


You could see a leopard gecko.

Vanquished Creatures
  An ooze (D:1)
  2 giant cockroaches (D:1)
  7 goblins
  7 hobgoblins (D:1)
  2 bats (D:1)
  2 frilled lizards (D:1)
  3 kobolds (D:1)
  5 rats
29 creatures vanquished.

Notes
Turn   | Place    | Note
-------+----------+-------------------------------------------
     0 | D:1      | KitRougard the Ghoul Ice Elementalist began the quest for
                  | the Orb.
     0 | D:1      | Reached XP level 1. HP: 14/14 MP: 2/2
   462 | D:1      | Reached XP level 2. HP: 20/20 MP: 2/4
   466 | D:1      | Learned a level 2 spell: Throw Frost
  1383 | D:1      | Reached XP level 3. HP: 23/26 MP: 0/5
  1853 | D:1      | Slain by a leopard gecko

Skill      XL: |  1 |
---------------+----+-----
Spellcasting   | 2 |  2.2
Fighting       | |  0.2
Short Blades   | |  0.1
Polearms       | |  0.1
Dodging        | |  1.9
Stealth        | |  2.4
Conjurations   | |  0.8
Ice Magic      | |  3.9

Action                   || total
-------------------------++-------
Melee: Short sword       ||    13
       Unarmed           ||     2
       Spear             ||    44
 Fire: Hunting sling     ||     4
Throw: Stone             ||    24
 Cast: Freeze            ||    10
       Throw Frost       ||    13
  Use: Potion            ||     3
       Scroll            ||     1
  Eat: Chunk             ||     7
Armor: Leather armour    ||    16
       Robe              ||     2
Dodge: Dodged            ||    49
